 Dungeon Crawl Stone Soup version 0.25.0-10-g039870ee82 (webtiles) character file.

Game seed: 8371139834283384397

92 schauveau the Cudgeler (level 4, -2/29 HPs)
             Began as a Gargoyle Monk on June 22, 2020.
             Killed by divine providence
             ... invoked by an orc priest
              (11 damage)
             ... on level 3 of the Dungeon.
             The game lasted 00:02:19 (1014 turns).

schauveau the Cudgeler (Gargoyle Monk)              Turns: 1014, Time: 00:02:19

Health: -2/29      AC: 10    Str: 15    XL:     4   Next: 60%
Magic:  4/4        EV: 10    Int: 11    God:
Gold:   67         SH:  0    Dex: 12    Spells: 3/3 levels left

rFire    . . .     SeeInvis .   a - +0 flail
rCold    . . .     Gourm    .   (no shield)
rNeg     + + .     Faith    .   e - +0 scale mail
rPois    ∞         Spirit   .   (no helmet)
rElec    +         Reflect  .   (no cloak)
rCorr    .         Harm     .   (no gloves)
MR       .....                  (no boots)
Stlth    +.........             (no amulet)
HPRegen  0.09/turn              h - ring of positive energy
MPRegen  0.09/turn              (no ring)

@: no status effects
A: negative energy resistance 1, electricity resistance, unbreathing,
petrification resistance, rot immunity, AC +3
a: no special abilities


You were on level 3 of the Dungeon.
You were hungry.

You visited 1 branch of the dungeon, and saw 4 of its levels.

You collected 67 gold pieces.

Inventory:

Hand Weapons
 a - a +0 flail (weapon)
Armour
 e - a +0 scale mail (worn)
Jewellery
 h - a ring of positive energy (left hand)
 i - an uncursed amulet of guardian spirit {unknown}
Scrolls
 d - 2 scrolls of identify {unknown}
 g - a scroll of enchant armour {unknown}
 j - a scroll of noise {unknown}
Potions
 b - 2 potions of heal wounds {unknown}
 f - a potion of might {unknown}
 k - a potion of curing {unknown}
Comestibles
 c - 2 rations
 l - 10 chunks of flesh


   Skills:
 + Level 4.0 Fighting
 * Level 4.2 Maces & Flails
 + Level 2.0 Armour
 - Level 2.4 Dodging
 - Level 2.1 Stealth


You had 3 spell levels left.
You didn't know any spells.
Your spell library was empty.

Dungeon Overview and Level Annotations

Branches:
Dungeon (4/15)
 Temple: D:4-7

Altars:
Uskayaw


Innate Abilities, Weirdness & Mutations

You are resistant to torment.
Your stone body is resilient. (AC +3)
You are immune to poison.
You resist negative energy. (rN+)
You are resistant to electric shocks. (rElec)
You can survive without breathing.
You are immune to petrification.
You are immune to rotting.


Message History

You butcher the orc corpse. x2
l - 7 chunks of flesh (gained 4);
l - 10 chunks of flesh (gained 3)
Items here: ( )))) ÷÷÷÷ There isn't anything to butcher here.
An orc priest comes into view. It is wielding a +0 short sword.
The orc priest shouts!
Items here: % ) [[ ÷ † You butcher the orc corpse.
The orc priest miscasts a cantrip.
Items here: %% ) [[ ÷÷ There isn't anything to butcher here.
There isn't anything to butcher here.
An orc priest is nearby!
An orc priest is nearby!
Items here: ( )))) ÷÷÷÷
Things that are here:
a +0 short sword; an orc corpse The orc priest calls down the wrath of Beogh upon you.
Beogh smites you!
You die...

#####.##)#
#.##.#
#)..#.##.#
#.##.####
#..##.#
#.##.....
##.##.#
#.#######
##.#)# #.#
#.#)## #.#
#...o## #.#
#.#.#..#
###.#
#.##..@)#
#...#######
... ####.#
#..........
#.# #.#
#...#######
###.. ...
#.# ##..#
..... ..#
..# #..#
..... !.
#.# #..#
.##.# #.#
#..# .# ..#
#..# .##.
#..#


You could see an orc priest.

Vanquished Creatures
  An orc priest (D:3)
  2 adders
  A dart slug (D:3)
  8 orcs (D:3)
  3 giant cockroaches (D:1)
  5 goblins
  3 hobgoblins
  3 kobolds
  A bat (D:1)
  5 rats
32 creatures vanquished.

Notes
Turn   | Place    | Note
-------+----------+-------------------------------------------
     0 | D:1      | schauveau the Gargoyle Monk began the quest for the Orb.
     0 | D:1      | Reached XP level 1. HP: 14/14 MP: 1/1
    31 | D:1      | Reached XP level 2. HP: 19/19 MP: 2/2
   269 | D:1      | Reached skill level 1 in Armour
   322 | D:2      | Reached XP level 3. HP: 19/23 MP: 3/3
   793 | D:4      | Noticed an ogre
   815 | D:2      | Found a hide-covered altar of Uskayaw.
   815 | D:2      | Noticed a +0 dagger
   815 | D:2      | Noticed a -3 hand axe
   942 | D:3      | Reached XP level 4. HP: 13/29 MP: 4/4
  1014 | D:3      | Killed from afar by an orc priest

Illustrated notes

Levels and vault maps discovered:
D:1:      erik_arrival_orb_chamber, layout_basic
D:2:      layout_loops_ring, dancing_weapons_uskayaw
D:3:      layout_loops_ring, lemuel_round_altar
D:4:      layout_loops_cross, nicolae_overflow_hidden_temple

Skill      XL: |  1  2  3  4 |
---------------+-------------+-----
Armour         | 1 2 |  2.0
Maces & Flails | 4 |  4.2
Fighting       | 4 |  4.0
Dodging        | |  2.4
Stealth        | |  2.1

Action                   |  1- 3 |  4- 6 || total
-------------------------+-------+-------++-------
Melee: Mace              |    72 |       ||    72
       Flail             |    13 |    24 ||    37
Armor: Robe              |     8 |       ||     8
       Scale mail        |    47 |    15 ||    62
Dodge: Dodged            |    70 |    11 ||    81
